 Dungeon Crawl Stone Soup version 0.28-a0-779-g3d1f99b579 (webtiles) character file.

Game seed: 7842040446034323313

3605 meatgazer the Distorting Demonspawn (level 9, -3/78 HPs)
             Began as a Demonspawn Abyssal Knight on Nov 2, 2021.
             Was a Believer of Lugonu.
             Slain by a wyvern zombie (9 damage)
             ... on level 8 of the Dungeon.
             The game lasted 00:14:55 (13974 turns).

meatgazer the Distorting Demonspawn (DsAK)         Turns: 13974, Time: 00:14:56

Health: -3/78      AC:  2    Str: 21    XL:     9   Next: 86%
Magic:  16/16      EV: 11    Int: 11    God:    Lugonu [**....]
Gold:   540        SH:  6    Dex: 18    Spells: 8/8 levels left

rFire   . . .      SeeInvis +   a - +2 falchion (venom)
rCold   . . .      Faith    .   m - +1 buckler of Trumpets {Dex+3}
rNeg    . . .      Spirit   .   e - +0 robe of the Blind Marksman {Rampage rF- Str+5 SInv}
rPois   .          Reflect  .   r - +0 helmet
rElec   .          Harm     .   (no cloak)
rCorr   .          Rampage  +   (no gloves)
Will    .....                   o - +0 pair of boots
Stlth   ++........              (no amulet)
HPRegen 0.23/turn               b - ring of protection from fire
MPRegen 0.15/turn               (no ring)

@: corroded
A: rugged brown scales 2, ignite blood 1, demonic touch 2
a: Renounce Religion, Depart the Abyss, Bend Space


You were on level 8 of the Dungeon.
You worshipped Lugonu.
Lugonu was pleased with you.
You visited 1 branch of the dungeon, and saw 8 of its levels.
You visited the Abyss 1 time.

You collected 540 gold pieces.

Inventory:

Hand Weapons
 a - a +2 falchion of venom (weapon)
Missiles
 k - a throwing net
Armour
 e - the +0 robe of the Blind Marksman (worn) {Rampage rF- Str+5 SInv}
   (You found it on level 2 of the Abyss)

   Str:       It affects your strength (+5).
   rF:        It makes you vulnerable to fire.
   SInv:      It lets you see invisible.
   Rampage:   It bestows one free step when moving towards enemies.
 m - the +1 buckler of Trumpets (worn) {Dex+3}
   (You acquired it on level 4 of the Dungeon)

   Dex:       It affects your dexterity (+3).
 o - a +0 pair of boots (worn)
 r - a +0 helmet (worn)
Jewellery
 b - a ring of protection from fire (left hand)
Wands
 h - a wand of paralysis (7)
 w - a wand of iceblast (6)
Scrolls
 g - a scroll of blinking
 j - a scroll of magic mapping
 n - a scroll of amnesia
 v - a scroll of fear
Potions
 c - a potion of mutation {unknown}
 d - a potion of curing
 f - a potion of haste {unknown}
 i - 3 potions of flight
 l - a potion of brilliance {unknown}
 p - a potion of ambrosia {unknown}
 q - a potion of attraction {unknown}
 s - 2 potions of resistance
 t - a potion of cancellation {unknown}
 u - a potion of might


   Skills:
 + Level 8.3 Fighting
 + Level 7.3 Long Blades
 - Level 1.7 Armour
 - Level 0.8 Dodging
 - Level 4.0 Shields
 + Level 10.4 Invocations


You had 8 spell levels left.
You didn't know any spells.
Your spell library contained the following spells:

 Spells                   Type           Power      Damage    Failure   Level
 Blink                    Tloc           0%         N/A       47%         2
 Ensorcelled Hibernation  Hex/Ice        0%         N/A       47%         2
 Passwall                 Tmut/Erth      0%         N/A       47%         2
 Call Canine Familiar     Summ           0%         N/A       71%         3
 Portal Projectile        Hex/Tloc       0%         N/A       71%         3
 Spider Form              Tmut/Pois      0%         N/A       71%         3
 Swiftness                Air            0%         N/A       71%         3
 Leda's Liquefaction      Hex/Erth       0%         N/A       98%         4
 Blade Hands              Tmut           0%         N/A       100%        5
 Irradiate                Conj/Tmut      0%         3d13      100%        5
 Manifold Assault         Tloc           0%         N/A       100%        5
 Invisibility             Hex            0%         N/A       100%        6
 Dragon Form              Tmut           0%         N/A       100%        7
 Storm Form               Tmut/Air       0%         N/A       100%        7


Dungeon Overview and Level Annotations

Branches:
Dungeon (8/15)             Temple (0/1) D:6
   Lair: D:8-11

Altars:
Ashenzari
Cheibriados
Vehumet
Yredelemnul
Zin

Shops:
D:7 ?[:[


Innate Abilities, Weirdness & Mutations

You are mostly covered in rugged brown scales. (AC +2, +5% HP)
Your demonic aura sometimes causes spilled blood to erupt in flames.
Your touch may inflict irresistible damage on your foes.


Message History

You kill the bullfrog!
Lugonu accepts your kill.
You rampage towards the wyvern zombie!
You block the wyvern zombie's attack.
You slash the wyvern zombie!
The wyvern zombie is moderately damaged.
The wyvern zombie bites you! The acid dragon spits acid at you.
The splash of acid hits you!! The acid corrodes you!
You block the wyvern zombie's attack. The wyvern zombie bites you!
You rampage towards the acid dragon!
The acid dragon misses you. The acid dragon barely misses you.
You hit the acid dragon but do no damage.
The acid dragon barely misses you. The acid dragon misses you.
You block the wyvern zombie's attack.
You hit the acid dragon but do no damage.
The wyvern zombie barely misses you. The acid dragon closely misses you.
The acid dragon claws you.
You hit the acid dragon.
The acid dragon is lightly wounded.
The wyvern zombie bites you!
The acid dragon is engulfed in blazing flames.
The acid dragon spits acid at you. The splash of acid hits you!!
* * * LOW HITPOINT WARNING * * *
You hit the acid dragon but do no damage.
The acid dragon is severely wounded.
The wyvern zombie barely misses you.
The acid dragon is engulfed in blazing flames.
You kill the acid dragon!
Lugonu accepts your kill.
The acid dragon scales are intact enough to wear.
You slash the wyvern zombie!
The wyvern zombie is heavily damaged.
The wyvern zombie barely misses you. The wyvern zombie bites you.
* * * LOW HITPOINT WARNING * * *
You hit the wyvern zombie.
The wyvern zombie is heavily damaged.
The wyvern zombie bites you!
You die...

#....................
#...$...# #.......#
###.......# #.......# #
#.........#####...####.
#.................# #.
##.................####.
........................
.......Z.......#...(....
.......@......$####.....
...##..°°......# #.....
## #..........# #.....
#.......^..# #.....
#...######## #.....
#...# ###### #...# #####


You could see a wyvern zombie.

Vanquished Creatures
  A two-headed ogre (D:8)
  Grinder (D:6)
  A steam dragon (D:6)
  An acid dragon (D:8)
  2 water moccasins
  Duvessa (D:6)
  An ice beast (D:7)
  A necrophage (D:6)
  2 black bears
  3 ogres
  A phantom (D:6)
  Blork the orc (D:4)
  4 bullfrogs
  A wyvern zombie (D:6)
  Dowan (D:6)
  7 scorpions
  3 wights (D:7)
  2 centaur zombies
  A bullfrog zombie (D:6)
  A hound (D:5)
  An orc priest (D:8)
  4 jellies
  A centaur skeleton (D:7)
  A bullfrog skeleton (D:6)
  An orc wizard (D:3)
  2 iguanas (D:6)
  5 gnolls
  7 adders
  2 howler monkey skeletons
  A shadow imp (D:7)
  2 worms
  2 dart slugs
  13 orcs
  10 ball pythons
  10 endoplasms
  3 giant cockroaches
  6 goblins
  8 hobgoblins
  10 kobolds
  6 quokkas
  6 bats
  2 frilled lizards
  A rat (D:1)
140 creatures vanquished.

Vanquished Creatures (others)
  Maggie (D:7)
1 creature vanquished.

Grand Total: 141 creatures vanquished

Notes
Turn   | Place    | Note
-------+----------+-------------------------------------------
     0 | Abyss:1  | meatgazer the Demonspawn Abyssal Knight began the quest for
                  | the Orb.
     0 | Abyss:1  | Reached XP level 1. HP: 18/18 MP: 2/2
    18 | Abyss:1  | Found a corrupted altar of Lugonu.
    55 | Abyss:1  | Noticed a ynoxinul
    61 | Abyss:1  | Noticed a large abomination
   127 | Abyss:2  | Noticed a large abomination
   138 | Abyss:2  | Identified the +0 robe of the Blind Marksman {Rampage rF-
                  | Str+5 SInv}
   138 | Abyss:2  | Noticed a shadow dragon
   140 | D:1      | Escaped the Abyss
   264 | D:1      | Reached * piety under Lugonu
   357 | D:1      | Gained mutation: You are partially covered in rugged brown
                  | scales. (AC +1, +3% HP) [demonic ancestry]
   357 | D:1      | Reached XP level 2. HP: 18/24 MP: 4/4
   494 | D:1      | Reached skill level 3 in Invocations
  1144 | D:2      | Gained mutation: Your touch may inflict minor irresistible
                  | damage on your foes. [demonic ancestry]
  1144 | D:2      | Reached XP level 3. HP: 12/29 MP: 5/5
  1576 | D:2      | Found a broken altar of Ashenzari.
  2968 | D:3      | Gained mutation: Your touch may inflict irresistible damage
                  | on your foes. [demonic ancestry]
  2968 | D:3      | Reached XP level 4. HP: 38/38 MP: 6/6
  3290 | D:3      | Found a basalt altar of Yredelemnul.
  3302 | D:3      | Reached skill level 4 in Invocations
  3771 | D:3      | Reached ** piety under Lugonu
  4330 | D:3      | Reached XP level 5. HP: 43/43 MP: 8/8
  4485 | D:3      | Found a radiant altar of Vehumet.
  4665 | D:4      | Noticed an ogre
  4678 | D:4      | Killed an ogre
  4683 | D:4      | Reached skill level 5 in Invocations
  4683 | D:4      | Reached XP level 6. HP: 27/50 MP: 9/9
  4980 | D:4      | Noticed Blork the orc
  4989 | D:4      | Killed Blork the orc
  4995 | D:4      | Reached skill level 5 in Fighting
  5700 | D:4      | Identified a scroll of acquirement
  5700 | D:4      | Acquired the +1 buckler of Trumpets {Dex+3}
  5706 | D:5      | Entered Level 5 of the Dungeon
  5733 | D:5      | Noticed a water moccasin
  5740 | D:5      | Killed a water moccasin
  5741 | D:5      | Reached skill level 1 in Shields
  5741 | D:5      | Reached skill level 6 in Invocations
  5741 | D:5      | Gained mutation: You are mostly covered in rugged brown
                  | scales. (AC +2, +5% HP) [demonic ancestry]
  5741 | D:5      | Reached XP level 7. HP: 36/58 MP: 11/11
  7642 | D:6      | HP: 1/58 [wyvern zombie (12)]
  8352 | D:7      | Gained mutation: Your demonic aura sometimes causes spilled
                  | blood to erupt in flames. [demonic ancestry]
  8352 | D:7      | Reached XP level 8. HP: 61/67 MP: 13/13
  8541 | D:7      | Found Enoifeip's Book Shoppe.
  8546 | D:7      | Found Wuluef's Armour Shoppe.
  8547 | D:7      | Found Ebeid's Antique Armour Shoppe.
  8547 | D:7      | Found Nargh's Magic Scroll Shoppe.
  8570 | D:7      | Noticed Maggie
  8581 | D:7      | Reached skill level 7 in Invocations
  8614 | D:7      | Killed Maggie
  8912 | D:7      | Reached skill level 5 in Long Blades
 10798 | D:6      | Reached skill level 8 in Invocations
 11227 | D:6      | Found a snail-covered altar of Cheibriados.
 11236 | D:6      | Found a staircase to the Ecumenical Temple.
 11259 | D:6      | Reached XP level 9. HP: 55/74 MP: 15/15
 11928 | D:6      | Noticed Grinder
 11949 | D:6      | Killed Grinder
 11950 | D:6      | Reached skill level 9 in Invocations
 12590 | D:6      | Noticed Duvessa
 12591 | D:6      | Noticed Dowan
 12598 | D:6      | Killed Duvessa
 12607 | D:6      | Killed Dowan
 13282 | D:8      | Noticed a two-headed ogre
 13290 | D:8      | Killed a two-headed ogre
 13291 | D:8      | Reached skill level 10 in Invocations
 13974 | D:8      | Slain by a wyvern zombie

Illustrated notes

Levels and vault maps discovered:
D:1:      minmay_arrival_loop, layout_loops_ring, kennysheep_nondescript
D:2:      layout_basic, basic_altar, corexii_leaking_fountain
D:3:      layout_basic, minitemple, lemuel_crystal_altar,
          minmay_increasing_density
D:4:      layout_basic, uniq_blork_the_orc
D:5:      layout_basic
D:6:      minmay_spotlight, layout_rooms, kennysheep_slug_shrine,
          minmay_temple_entry_junction_2, hangedman_abyss_or_decor_stagger,
          uniq_duvessa, uniq_grinder
D:7:      layout_loops_cross, serial_rivers, chequers_serial_rivers_marsh,
          chequers_serial_rivers_micro_b, chequers_serial_rivers_micro_e,
          chequers_serial_rivers_micro_a, chequers_serial_rivers_micro_e,
          minmay_misc_feat_pillars, minmay_shop_grid_forest, uniq_maggie
D:8:      layout_basic, sigmund_army

Skill      XL: |  1  2  3  4  5  6  7  8  9 |
---------------+----------------------------+-----
Long Blades    | 2 3 4 5 7 |  7.3
Invocations    | 3 4 5 6 8 10 | 10.4
Fighting       | 4 5 6 8 |  8.3
Shields        | 1 3 4 |  4.0
Armour         | |  1.7
Dodging        | |  0.8

Action                   |  1- 3 |  4- 6 |  7- 9 || total
-------------------------+-------+-------+-------++-------
Melee: Falchion          |   114 |   118 |   252 ||   484
       Touch             |     8 |    16 |    16 ||    40
Invok: Depart the Abyss  |     1 |       |       ||     1
       Bend Space        |       |       |     2 ||     2
Evoke: Wand              |       |     1 |     1 ||     2
  Use: Scroll            |     4 |     8 |     7 ||    19
       Potion            |       |     2 |     5 ||     7
 Stab: Sleeping          |     1 |     2 |     2 ||     5
       Paralysed         |       |     3 |     1 ||     4
Armor: Robe              |    29 |    26 |    46 ||   101
       Skin              |       |       |     3 ||     3
Dodge: Dodged            |    72 |    66 |   129 ||   267
Block: Buckler           |       |       |    30 ||    30

Table legend: (Time is in decaauts)
 A = Elapsed time spent in this place.
 B = Non-inter-level travel time spent in this place.
 C = Inter-level travel time spent in this place.
 D = Time resting spent in this place.
 E = Time spent auto-exploring this place.
 F = Levels seen in this place.
 G = Mean time per level.
                   A        B        C        D        E       F      G
               +--------+--------+--------+--------+--------+-----+--------+
         Total |  14022 |  13864 |    158 |   6548 |   6154 |  10 | 1402.2 |
       Dungeon |  13882 |  13724 |    158 |   6548 |   6045 |   8 | 1735.2 |
         Abyss |    139 |    139 |      0 |      0 |    109 |   2 |   69.5 |
               +--------+--------+--------+--------+--------+-----+--------+

Top non-repeatable levels by time:
     D:7: 2889 daAuts
     D:6: 2502 daAuts
     D:5: 2135 daAuts
     D:2: 1727 daAuts
     D:3: 1718 daAuts
     D:4: 1199 daAuts
     D:1: 956 daAuts
     D:8: 753 daAuts
 Abyss:2: 76 daAuts
 Abyss:1: 63 daAuts
